Cogmind - Beta 15 @@@ ROGUE MODE // 2025.06.21 @ 19:04:59 Player: McSaucyNugget Result: Self-destructed Performance ------------- Evolutions (6) 3000 Regions Visited (19) 3800 Robots Destroyed (178) 890 Value Destroyed (6560) 6560 Prototype IDs (37) 740 Alien Tech Used (2) 400 Bonus (3469) 3469 TOTAL SCORE: 18859 Bonus ------- High Alert Combat Kills 338 Follower Combat Kills 1522 Met Zhirov 300 MAIN.C Attacked Warlord 500 Warlord Defense Kills 948 Friendly Fire -139 Cogmind --------- Core Integrity 320/1150 Matter 300/300 Energy 100/100 System Corruption 13% Temperature Cool (0) Movement Core (100) Ox1 Location -4/Warlord Parts ------- > --- POWER (2) -------- (None) > --- PROPULSION (7) --- (None) > --- UTILITY (6) ------ Scrap Engine Advanced Terrain Scan Processor > --- WEAPON (4) ------- Vortex Lance > --- INVENTORY (5) ---- Light Antimatter Reactor Variable Charge Gun Plasma Cutter Heavy Mace Vortex Lance (40) Peak State ------------ > --- POWER ------------ Quantum-Antimatter Reactor > --- PROPULSION ------- Treaded Antigrav-Weak Exoskeleton > --- UTILITY ---------- Armored Scrap Engine Advanced Heat Sink Large Storage Unit > --- WEAPON ----------- Improved Proton Missile Launcher Kinetic Driver Construct/C Phasing Sabre Ionic Axe > --- INVENTORY -------- Antigrav System Antigrav System Linear Gravjet Nuclear Pulse Array Improved Signal Interpreter Transmission Jammer Improved Medium Armor Plating Improved Medium Armor Plating Improved Medium Armor Plating High-powered Tractor Beam Neutron Cannon Plasma Cutter Power Sword [Rating: 102] Favorites ----------- Power Constructs Engine Light Ion Engine Power Core Light Nuclear Core Reactor Constructs Propulsion Constructs Treads Constructs Leg Flexi-carbon Leg Wheel Wheel Hover Unit Backup Propulsion III Utility Large Storage Unit Device Armored Scrap Engine Storage Large Storage Unit Processor Advanced Terrain Scan Processor Hackware System Shield Protection Makeshift Light Armor Plating Weapon Constructs Energy Gun Beamcaster Ballistic Gun Enhanced Autogun Ballistic Cannon Constructs Launcher Improved Grenade Launcher Special Weapon Plasma Cutter Slashing Weapon Power Sword Piercing Weapon Vortex Lance Build | -11 -10 -10 -10 -8 -8 -8 -6 -6 -5 -5 -5 -5 -5 -5 -4 -4 -4 -4 -4 ------- Run | Yrd Mat Min Sub Mat Sto Rec Fac Ext Fac Was Fac Upp Upp Zhi Pro Fac Upp Upp War Slots Evolved 12 | . . . . 4 . . 4 . 2 . . . . . . 2 . . . Power 1 | . . . . . . . . . 1 . . . . . . . . . . Propulsion 5 | . . . . 2 . . 2 . 1 . . . . . . . . . . Utility 4 | . . . . 1 . . 1 . . . . . . . . 2 . . . Weapon 2 | . . . . 1 . . 1 . . . . . . . . . . . . Parts Attached 98 | 8 4 . 6 18 6 8 6 7 3 . 12 1 1 4 . 5 1 1 7 Power 11 | 1 . . 1 2 . 2 . . . . 2 1 . 1 . . . . 1 Engine 5 | 1 . . 1 1 . 2 . . . . . . . . . . . . . Core 4 | . . . . 1 . . . . . . 2 1 . . . . . . . Reactor 2 | . . . . . . . . . . . . . . 1 . . . . 1 Propulsion 18 | 4 . . 1 5 2 2 . . . . . . . . . 1 . 1 2 Treads 7 | 2 . . 1 2 1 . . . . . . . . . . . . 1 . Leg 1 | . . . . . . . . . . . . . . . . . . . 1 Wheel 10 | 2 . . . 3 1 2 . . . . . . . . . 1 . . 1 Hover . | . . . . . . . . . . . . . . . . . . . . Flight . | . . . . . . . . . . . . . . . . . . . . Utility 34 | 1 2 . 1 7 . 2 2 2 2 . 7 . 1 3 . 3 . . 1 Device 15 | . 1 . . 3 . 1 1 . 1 . 3 . 1 2 . 1 . . 1 Storage 5 | 1 1 . . 1 . . . . 1 . 1 . . . . . . . . Processor 2 | . . . . 1 . . . . . . . . . . . 1 . . . Hackware 4 | . . . . 1 . . 1 . . . 1 . . . . 1 . . . Protection 8 | . . . 1 1 . 1 . 2 . . 2 . . 1 . . . . . Artifact . | . . . . . . . . . . . . . . . . . . . . Weapon 35 | 2 2 . 3 4 4 2 4 5 1 . 3 . . . . 1 1 . 3 Energy Gun 6 | 1 . . . 2 . . . 2 . . . . . . . . 1 . . Energy Cannon . | . . . . . . . . . . . . . . . . . . . . Ballistic Gun 12 | 1 . . 2 1 3 . 3 . . . . . . . . 1 . . 1 Ballistic Cannon 6 | . 2 . 1 1 . 1 . 1 . . . . . . . . . . . Launcher 3 | . . . . . . 1 1 1 . . . . . . . . . . . Special Weapon 1 | . . . . . . . . 1 . . . . . . . . . . . Impact Weapon . | . . . . . . . . . . . . . . . . . . . . Slashing Weapon 6 | . . . . . 1 . . . 1 . 3 . . . . . . . 1 Piercing Weapon 1 | . . . . . . . . . . . . . . . . . . . 1 Special Melee Weapon . | . . . . . . . . . . . . . . . . . . . . Unidentified Prototypes 9 | . . . . . 1 1 . . . . 2 . . 3 . . . 1 1 Parts Lost 59 | . . . . 9 5 2 4 8 . . 8 . 2 . . 13 . . 8 Power 9 | . . . . . 1 . . 1 . . 3 . 1 . . 1 . . 2 Propulsion 21 | . . . . 6 3 1 . 1 . . 1 . 1 . . 5 . . 3 Utility 9 | . . . . 1 . . 1 2 . . 1 . . . . 3 . . 1 Weapon 20 | . . . . 2 1 1 3 4 . . 3 . . . . 4 . . 2 Highest Loss Streak 10 | . . . . 5 5 2 2 6 . . 6 . 2 . . 10 . . 6 To Critical Strikes . | . . . . . . . . . . . . . . . . . . . . Average Backups 11 | 1 5 7 12 14 14 12 13 13 14 13 14 11 14 10 5 4 3 2 3 Power . | . . 1 2 1 1 . . 1 . . . . . . . . . . . Propulsion 1 | 1 2 2 2 1 1 3 1 1 3 3 3 . . . . . . . . Utility 4 | . 2 3 2 5 5 5 4 5 6 6 5 5 5 3 1 1 . . . Weapon 3 | . . 1 4 4 6 3 4 4 3 3 3 3 7 5 2 1 . 1 2 Tool/Special . | . . . . . . . . . . . . . . . . . . . . Unused Backups 92 | . 1 . 1 6 3 19 13 8 7 . 14 6 1 10 . . . . 3 Power 3 | . . . . . . . . 1 1 . . . . . . . . . 1 Propulsion 27 | . . . . 1 . 12 3 1 2 . 5 2 . 1 . . . . . Utility 22 | . 1 . 1 1 . 3 5 1 3 . 3 . 1 3 . . . . . Weapon 38 | . . . . 3 3 4 5 5 1 . 5 4 . 6 . . . . 2 Tool/Special 2 | . . . . 1 . . . . . . 1 . . . . . . . . Average Slot Usage (%) 62 | . 96 100 99 84 98 63 49 46 45 47 41 39 45 43 47 48 10 17 42 Engine 5 | . 14 14 14 6 8 8 3 5 . . . . . . . . . . 3 Core 1 | . . . . . . . 2 . 5 5 4 8 10 6 5 2 . . . Treads 8 | . 28 28 28 13 17 4 . 1 . . . 5 5 5 5 3 . 2 4 Leg 1 | . . . . . . 2 4 4 . . 1 . . . . . . . . Wheel 3 | . . . . 14 17 6 . . . . . . . . . 2 . . . Device 8 | . 10 14 10 5 8 6 7 6 10 11 8 5 9 10 17 14 5 9 10 Storage 7 | . 14 14 14 7 9 9 6 6 5 5 5 5 5 2 . . . . . Processor 1 | . . . . 2 9 . . . . . . . . . . 4 5 5 5 Protection 1 | . . . 3 7 . 2 3 4 . . . . . . . . . . . Energy Gun 1 | . 2 . . 1 . 2 1 5 9 11 . . . . . . . . 2 Ballistic Gun 6 | . 2 . 12 11 13 12 10 2 1 . 2 . . . . 1 . . 1 Ballistic Cannon 7 | . 22 28 15 9 13 7 4 3 . . . 5 5 3 . . . . 1 Slashing Weapon 1 | . . . . . . . . . 3 5 6 5 5 5 5 4 . . . Peak Build Rating 102 | 6 7 7 23 49 27 48 70 74 89 89 102 84 86 85 84 99 32 35 78 Average Rating 48 | 4 6 7 16 32 25 37 56 64 81 89 84 75 82 81 84 87 26 33 58 On Entrance 46 | . 6 7 7 23 24 22 40 60 69 89 89 69 84 83 84 84 26 26 35 Naked Turns . | . . . . . . . . . . . . . . . . . . . . Heaviest Build 107 | 13 32 32 40 81 42 39 56 52 63 61 107 50 53 53 31 36 1 2 37 Greatest Support 219 | 40 40 40 40 26 20 82 80 160 219 156 156 74 74 59 39 58 3 3 28 Greatest Overweight (x) 9 | . . . . 4 2 3 . . . . . . . 1 . 4 . . 9 Average Overweight (x) . | . . . . 2 1 . . . . . . . . . . . . . . Largest Inventory Capacity 25 | 8 15 15 15 15 15 15 15 15 15 15 25 15 15 15 5 5 5 5 5 Average Capacity 13 | 7 11 15 15 15 15 15 15 15 15 15 17 15 15 10 5 5 5 5 5 Most Carried 21 | 2 7 7 15 15 15 15 15 15 15 14 21 15 15 15 5 5 4 4 5 Average Carried 11 | 1 5 7 13 14 14 12 13 13 14 14 15 11 14 10 5 4 3 2 3 Final Capacity 15 | 8 15 15 15 15 15 15 15 15 15 15 15 15 15 5 5 5 5 5 5 Final Carried 15 | 2 7 7 15 15 13 15 10 14 14 14 15 10 15 5 5 4 4 2 5 Scrap Engine Consumption 246 | . . . . . . 54 43 48 12 3 35 8 6 8 1 12 . . 16 Constructs Created 17 | . . . . . . 3 2 4 1 . 1 2 . . . . . . 4 Constructs Modified 87 | . . . . . . 22 10 19 6 1 16 2 1 5 . 5 . . . Class Distribution -------------------- 48% | Construct 25% | Mutant 6% | Scavenger-Tank 4% | Commander-Construct 3% | Scavenger-Skirmisher Dominant Class ---------------- Mutant | -10/Materials Mutant | -10/Mines Mutant | -10/Subcaves Scavenger-Tank | -8/Materials Scavenger-Skirmisher | -8/Storage Construct | -8/Recycling Construct | -6/Factory Commander-Construct | -6/Extension Construct | -5/Factory Construct | -5/Waste Construct | -5/Factory Construct | -5/Upper Caves Construct | -5/Upper Caves Construct | -5/Zhirov Construct | -4/Proximity Caves Construct | -4/Factory Mutant | -4/Upper Caves Mutant | -4/Upper Caves Mutant | -4/Warlord Resources | -11 -10 -10 -10 -8 -8 -8 -6 -6 -5 -5 -5 -5 -5 -5 -4 -4 -4 -4 -4 ----------- Run | Yrd Mat Min Sub Mat Sto Rec Fac Ext Fac Was Fac Upp Upp Zhi Pro Fac Upp Upp War Matter Collected 5625 | 138 238 222 499 795 259 814 599 456 91 . 518 72 163 54 104 272 69 40 222 Remotely . | . . . . . . . . . . . . . . . . . . . . Salvage Created 7280 | . 263 123 136 618 249 1239 861 1006 126 . 1377 160 284 93 40 403 . . 302 Parts 377 | . 24 6 9 35 13 60 35 42 11 . 76 9 15 4 4 24 . . 10 Haulers Intercepted 1 | . 1 . . . . . . . . . . . . . . . . . . Recyclers Shooed 4 | . . . . . . . 1 . 1 . 2 . . . . . . . . Parts Field Recycled . | . . . . . . . . . . . . . . . . . . . . Retrieved Matter . | . . . . . . . . . . . . . . . . . . . . Parts Self-Destructed 28 | . . . 7 . . . . . . . . 11 8 2 . . . . . Prevented 1 | . . . . . . . . . . . . . 1 . . . . . . Kills | -11 -10 -10 -10 -8 -8 -8 -6 -6 -5 -5 -5 -5 -5 -5 -4 -4 -4 -4 -4 ------- Run | Yrd Mat Min Sub Mat Sto Rec Fac Ext Fac Was Fac Upp Upp Zhi Pro Fac Upp Upp War Combat Hostiles Destroyed 143 | . 9 . 4 20 5 19 15 17 5 . 25 4 5 . . 9 . . 6 Melee 4 | . . . . . . . . . . . . . . . . . . . 4 Guns 59 | . . . 1 10 1 15 6 10 5 . 8 . . . . 2 . . 1 Cannons 66 | . 9 . 3 10 4 2 2 4 . . 15 4 5 . . 7 . . 1 AOE 14 | . . . . . . 2 7 3 . . 2 . . . . . . . . Classes Destroyed 19 | . 5 1 1 4 . 3 1 1 . . 1 . 1 . . . . . 1 Worker 7 | . . . . 2 1 . . . . . 3 . . . . 1 . . . Builder 11 | . . . . 5 . 3 . 3 . . . . . . . . . . . Tunneler 1 | . 1 . . . . . . . . . . . . . . . . . . Hauler 1 | . 1 . . . . . . . . . . . . . . . . . . Recycler 7 | . . 2 . . . . 1 2 . . 2 . . . . . . . . Mechanic 2 | . . . . . . . 1 . . . 1 . . . . . . . . Operator 1 | . . . . . . . . 1 . . . . . . . . . . . Watcher 3 | . 1 . . 1 . . . . . . 1 . . . . . . . . Swarmer 50 | . 3 . . 7 . 1 . 6 5 . 15 4 4 . . 5 . . . Cutter 2 | . . . . . . . . . . . 2 . . . . . . . . Grunt 27 | . 6 . . 7 2 . 5 5 . . . . 1 . . . . . 1 Duelist 3 | . . . . . . 3 . . . . . . . . . . . . . Protector 3 | . . . . . . 2 1 . . . . . . . . . . . . Sentry 27 | . . . . 5 3 5 6 5 . . 2 . . . . 1 . . . Hunter 5 | . . . . 1 . . 2 . . . . . . . . 1 . . 1 Programmer 16 | . . . . . . 2 2 1 . . 6 . . . . 2 . . 3 Striker 1 | . . . . . . . . . . . . . . . . . . . 1 Subdweller 10 | . . . 4 . . 6 . . . . . . . . . . . . . Samaritan 4 | . . . . . . . . . . . . . 3 . 1 . . . . Butcher 1 | . . . . . . . . 1 . . . . . . . . . . . Best Kill Streak 10 | . 3 2 2 10 2 7 7 6 5 . 5 4 4 . . 6 . . 2 Combat Bots Only 7 | . 3 . 2 7 2 6 7 6 5 . 4 4 4 . . 6 . . 2 Max Kills in Single Turn 3 | . 1 1 1 2 1 2 3 1 1 . 2 1 1 . 1 1 . . 1 Gunslinging . | . . . . . . . . . . . . . . . . . . . . Exploded 3 | . . . . . . 2 3 1 . . 2 . . . . . . . . Melee 1 | . . . . . . . . . . . . . . . . . . . 1 Uniques/NPCs Destroyed . | . . . . . . . . . . . . . . . . . . . . Combat | -11 -10 -10 -10 -8 -8 -8 -6 -6 -5 -5 -5 -5 -5 -5 -4 -4 -4 -4 -4 -------- Run | Yrd Mat Min Sub Mat Sto Rec Fac Ext Fac Was Fac Upp Upp Zhi Pro Fac Upp Upp War Hostile Shots Fired 1679 | . 33 . 11 175 40 24 250 378 21 . 310 83 33 . 2 239 10 7 63 Missed 578 | . 11 . 1 32 11 7 96 136 9 . 133 31 12 . . 81 3 1 14 Hits 1101 | . 22 . 10 143 29 17 154 242 12 . 177 52 21 . 2 158 7 6 49 Melee 17 | . . . . . . 2 . 5 . . 6 . . . . . . . 4 Projectile 1084 | . 22 . 10 143 29 15 154 237 12 . 171 52 21 . 2 158 7 6 45 AOE 10 | . . . . . . . . 6 . . 3 . . . . . . . 1 Critical Strikes 39 | . 1 . . 4 1 . 2 8 . . 6 1 . . . 10 1 1 4 Damage Taken 17296 | . 247 . 213 1811 457 360 1922 2959 180 . 3594 882 310 . 38 3034 140 77 1072 Core 2204 | . 15 . 49 208 49 86 237 195 17 . 366 180 12 . . 440 99 17 234 Absorbed by Shields 348 | . . . . . . . 8 162 . . . . 5 . . . . . 173 Regen/Repaired (Parts) 4865 | . . . . . . 5 715 1105 470 . 1213 326 200 302 . 297 . . 232 Core Remaining (%) 60 | 100 . . 74 . . 37 . 49 . . . . . . 42 . . . . Volleys Fired 544 | . 27 2 40 59 18 52 45 66 10 . 112 43 20 . 1 36 6 . 7 Largest 4 | . 2 2 2 4 3 3 3 2 2 . 2 2 1 . 1 2 1 . 2 Hottest 205 | . 70 60 66 146 95 87 205 123 97 . 97 52 44 . 76 109 75 . 73 Shots Fired 1004 | . 54 4 76 172 54 131 114 116 14 . 123 43 19 . 1 63 6 . 14 Gun 565 | . 2 . 23 118 29 118 84 77 14 . 60 . . . . 27 6 . 7 Cannon 424 | . 52 4 53 54 25 12 25 30 . . 63 43 19 . 1 36 . . 7 Launcher 15 | . . . . . . 1 5 9 . . . . . . . . . . . Special . | . . . . . . . . . . . . . . . . . . . . Kinetic 831 | . 53 4 76 161 54 129 87 56 . . 71 43 19 . 1 63 . . 14 Thermal 158 | . 1 . . 11 . 1 22 51 14 . 52 . . . . . 6 . . Explosive 8 | . . . . . . 1 5 2 . . . . . . . . . . . Electromagnetic 7 | . . . . . . . . 7 . . . . . . . . . . . Robot Hit Streak 26 | . 11 12 18 11 7 26 11 16 2 . 9 4 4 . . 16 3 . 7 Robot Miss Streak 10 | . 5 . 4 10 7 5 7 3 1 . 5 4 3 . . 4 1 . 2 Penetration Max 1 | . . . . . . . . 1 . . . . . . . 1 . . . Secondary Targets 3 | . . . . 1 . . . 2 . . . . . . . . . . . Max Gunslinging Chain 1 | . . . . 1 . . . 1 . . . . . . . . . . . Shots Hit Robots 618 | . 32 3 17 98 30 100 82 88 7 . 74 9 11 3 1 42 4 . 17 Core Hits 350 | . 14 2 7 63 13 48 59 57 5 . 41 4 6 1 1 16 2 . 11 Critical Kills 8 | . . . . 2 . . 3 2 . . 1 . . . . . . . . Critical Parts Destroyed 10 | . . . . . . . 7 2 . . . 1 . . . . . . . Critical Strikes 23 | . 2 . . 3 . . 10 6 . . 1 1 . . . . . . . Burn 2 | . . . . . . . . 2 . . . . . . . . . . . Destroy 18 | . . . . 2 . . 10 4 . . 1 1 . . . . . . . Blast 3 | . 2 . . 1 . . . . . . . . . . . . . . . Melee Attacks 34 | . . . . . 1 1 . . 2 5 10 . . 3 1 . . . 11 Impact . | . . . . . . . . . . . . . . . . . . . . Slashing 23 | . . . . . 1 1 . . 2 5 10 . . 3 1 . . . . Piercing . | . . . . . . . . . . . . . . . . . . . . Entropic 11 | . . . . . . . . . . . . . . . . . . . 11 Sneak Attacks 2 | . . . . . . . . . . . 1 . . . 1 . . . . Combat Hostiles . | . . . . . . . . . . . . . . . . . . . . Follow-up Attacks 1 | . . . . . . . . . . . 1 . . . . . . . . Damage Inflicted 18544 | . 559 76 321 2285 592 1845 2346 2792 180 . 3370 427 867 229 72 1654 81 . 848 Guns 7513 | . 13 . 109 1392 299 1562 809 1325 180 . 1244 . . . . 360 81 . 139 Cannons 7551 | . 546 54 212 890 287 184 757 407 . . 1499 423 867 . . 1294 . . 131 Explosions 2190 | . . . . . . 99 752 1031 . . 308 . . . . . . . . Melee 1198 | . . . . . . . . . . . 319 . . 229 72 . . . 578 Ramming 92 | . . 22 . 3 6 . 28 29 . . . 4 . . . . . . . Kinetic 12057 | . 546 54 321 2143 586 1746 903 910 . . 1634 423 867 . . 1654 . . 270 Thermal 3091 | . 13 . . 139 . . 663 906 180 . 1109 . . . . . 81 . . Explosive 1558 | . . . . . . 99 752 399 . . 308 . . . . . . . . Electromagnetic 548 | . . . . . . . . 548 . . . . . . . . . . . Impact . | . . . . . . . . . . . . . . . . . . . . Slashing 620 | . . . . . . . . . . . 319 . . 229 72 . . . . Piercing . | . . . . . . . . . . . . . . . . . . . . Entropic 578 | . . . . . . . . . . . . . . . . . . . 578 Highest Corruption 21 | . . . . . . 1 . . . 8 19 21 21 21 21 3 6 6 13 Average Corruption 8 | . . . . . . 1 . . . 8 13 19 21 21 21 1 3 6 8 Corruption Purged . | . . . . . . . . . . . . . . . . . . . . Corruption Blocked . | . . . . . . . . . . . . . . . . . . . . Effects 177 | . . . . . . 25 . . . 1 52 25 25 20 8 6 1 9 5 Message Errors 50 | . . . . . . 7 . . . 1 14 11 8 2 2 2 . 1 2 Matter Fused 51 | . . . . . . 6 . . . . 17 4 8 6 1 3 1 3 2 Heat Flow Errors 17 | . . . . . . 1 . . . . 2 3 2 3 2 . . 3 1 Energy Discharges 21 | . . . . . . 5 . . . . 6 1 1 6 1 1 . . . Parts Rejected 1 | . . . . . . . . . . . 1 . . . . . . . . Data Loss (minor) 20 | . . . . . . 4 . . . . 4 3 3 3 1 . . 2 . Data Loss (major) 5 | . . . . . . 2 . . . . . 1 1 . 1 . . . . Alerts 1 | . . . . . . . . . . . 1 . . . . . . . . Misdirections 5 | . . . . . . . . . . . 4 . 1 . . . . . . Weapon Failures 6 | . . . . . . . . . . . 3 2 1 . . . . . . Overload Shots . | . . . . . . . . . . . . . . . . . . . . Overflow Damage 765 | . . . . . 5 . 76 86 . . 173 69 197 20 . 79 . . 60 Projectiles 511 | . . . . . 5 . 60 . . . 101 69 197 . . 79 . . . Explosions 89 | . . . . . . . 3 86 . . . . . . . . . . . Melee 165 | . . . . . . . 13 . . . 72 . . 20 . . . . 60 Knockbacks 65 | . 10 1 2 16 2 3 2 5 . . 4 3 2 . . 14 . . 1 Impact . | . . . . . . . . . . . . . . . . . . . . Kinetic 61 | . 10 1 2 13 2 3 2 5 . . 4 3 2 . . 13 . . 1 Secondary 4 | . . . . 3 . . . . . . . . . . . 1 . . . Self-Inflicted Damage 264 | . . . . . 3 . 95 83 . . 83 . . . . . . . . Shots 6 | . . . . . . . 2 3 . . 1 . . . . . . . . Rammed 5 | . . 2 . 1 1 . . . . . . 1 . . . . . . . Targets Rammed 12 | . . 2 . 1 1 . 2 5 . . . 1 . . . . . . . Kicked 6 | . . . . . . . 2 4 . . . . . . . . . . . Crushed 1 | . . . . . . . . 1 . . . . . . . . . . . Highest Temperature 381 | . 72 . . 381 116 219 342 160 240 . 255 348 277 176 128 . . 155 114 Average Temperature 77 | . 43 . . 113 42 51 71 39 133 . 104 128 140 79 84 . . 72 82 Received Heat Transfer 2562 | . 105 . 33 639 234 78 362 489 . . 150 36 6 . 12 352 . . 66 Effects 3 | . . . . 3 . . . . . . . . . . . . . . . Shutdowns 1 | . . . . 1 . . . . . . . . . . . . . . . Energy Bleed 1 | . . . . 1 . . . . . . . . . . . . . . . Damage (minor) 1 | . . . . 1 . . . . . . . . . . . . . . . Siege Activations . | . . . . . . . . . . . . . . . . . . . . Martial Activations . | . . . . . . . . . . . . . . . . . . . . Shielding Activations . | . . . . . . . . . . . . . . . . . . . . Robots Disrupted . | . . . . . . . . . . . . . . . . . . . . Combat Hostiles . | . . . . . . . . . . . . . . . . . . . . Robots Corrupted 1 | . . . . . . . 1 . . . . . . . . . . . . Combat Hostiles . | . . . . . . . . . . . . . . . . . . . . Parts Fried 2 | . . . . . . . 1 1 . . . . . . . . . . . Impact Corruptions 1 | . . . . . . . 1 . . . . . . . . . . . . Robots Melted 1 | . . . . . . . . 1 . . . . . . . . . . . Combat Hostiles . | . . . . . . . . . . . . . . . . . . . . Parts Melted 11 | . . . . . . . . 9 . . 2 . . . . . . . . Heat Transferred 4496 | . 37 . . 259 . . 558 2088 296 . 1110 . . . . . 148 . . Parts Sabotaged 5 | . . . . . . . . . . . . . . . . . . . 5 Parts Stolen . | . . . . . . . . . . . . . . . . . . . . Parts Stripped . | . . . . . . . . . . . . . . . . . . . . Power Chain Reactions 1 | . . . . . . . . 1 . . . . . . . . . . . Alert | -11 -10 -10 -10 -8 -8 -8 -6 -6 -5 -5 -5 -5 -5 -5 -4 -4 -4 -4 -4 ------- Run | Yrd Mat Min Sub Mat Sto Rec Fac Ext Fac Was Fac Upp Upp Zhi Pro Fac Upp Upp War Maximum Alert Level 3 | . . . . 1 . . 1 3 2 . 3 . . . . 1 . . . Low Security (%) 75 | 100 100 100 . 62 100 100 90 55 . 100 18 . . . . 80 . . . Level 1 10 | . . . . 37 . . 9 3 6 . 40 . . . . 19 . . . Level 2 7 | . . . . . . . . 14 93 . 6 . . . . . . . . Level 3 6 | . . . . . . . . 26 . . 35 . . . . . . . . Level 4 . | . . . . . . . . . . . . . . . . . . . . Level 5 . | . . . . . . . . . . . . . . . . . . . . High Security . | . . . . . . . . . . . . . . . . . . . . Max Security . | . . . . . . . . . . . . . . . . . . . . Peak Influence 1006 | . 96 48 . 312 55 129 393 1006 515 160 817 . . . . 250 . . . Initial 491 | . . 21 . . 50 17 127 16 491 160 93 . . . . . . . . Average 156 | . 35 5 . 126 17 30 87 370 450 145 475 . . . . 110 . . . Influence Increases 7026 | . 301 66 88 637 213 380 770 1966 270 4 1270 95 110 5 45 444 . 30 332 Destroy 0b10 Robot/C 3520 | . 180 40 60 400 100 220 300 960 160 . 500 80 100 . . 180 . . 240 Destroy 0b10 Robot/NC 240 | . 15 10 . 40 5 65 10 40 . . 40 5 . 5 . 5 . . . Destroy Leader 570 | . 44 10 10 102 30 . 90 122 10 . 102 10 10 . . 30 . . . Allied During Kill 603 | . . 6 18 . . . . 460 42 . . . . . . . . . 77 Successful Hack 99 | . . . . 5 . 16 . 12 9 . 23 . . . . 34 . . . Select Force Hacks 90 | . 30 . . . . 60 . . . . . . . . . . . . . Disable Machine 435 | . 30 . . 15 . 15 150 90 15 . 30 . . . . 90 . . . Destroy Structure 334 | . 2 . . 15 3 4 60 42 4 4 140 . . . . 60 . . . Advance Influence 100 | . . . . . . . 100 . . . . . . . . . . . . Partial Spotted 45 | . . . . 15 . . 15 . . . 15 . . . . . . . . Lose Combat Pursuer 990 | . . . . 45 75 . 45 240 30 . 420 . . . 45 45 . 30 15 Influence Decreases 6908 | . 246 121 88 518 287 359 801 998 814 329 611 524 312 167 45 369 75 30 214 Entered New Map 1596 | . . 34 . . 69 28 39 19 512 299 41 294 70 162 . . 29 . . Time Decay 3860 | . 246 87 88 278 193 311 422 532 302 30 490 230 222 5 45 239 46 30 64 Lost Part 527 | . . . . 90 1 20 40 66 . . 80 . 20 . . 130 . . 80 Lost Ally 410 | . . . . . . . . 340 . . . . . . . . . . 70 Purge Threat 515 | . . . . 150 24 . 300 41 . . . . . . . . . . . Squads Dispatched 28 | . 2 . . 2 . . 8 6 2 . 5 . . . . 3 . . . Investigation 3 | . 1 . . . . . . 1 1 . . . . . . . . . . Extermination 9 | . . . . . . . 3 . 1 . 3 . . . . 2 . . . Reinforcement 8 | . 1 . . 1 . . 2 2 . . 2 . . . . . . . . Assault 3 | . . . . . . . . 3 . . . . . . . . . . . Garrison 5 | . . . . 1 . . 3 . . . . . . . . 1 . . . Intercept . | . . . . . . . . . . . . . . . . . . . . Searches Triggered . | . . . . . . . . . . . . . . . . . . . . Construction Impeded 2 | . . . . 1 . . . 1 . . . . . . . . . . . Haulers Reinforced 1 | . . . . . . . 1 . . . . . . . . . . . . Active Scanning Responses . | . . . . . . . . . . . . . . . . . . . . Cargo Convoy Interrupts 1 | . . . . . . . . . . . 1 . . . . . . . . Stealth | -11 -10 -10 -10 -8 -8 -8 -6 -6 -5 -5 -5 -5 -5 -5 -4 -4 -4 -4 -4 --------- Run | Yrd Mat Min Sub Mat Sto Rec Fac Ext Fac Was Fac Upp Upp Zhi Pro Fac Upp Upp War Distress Signals 13 | . 1 . . 1 4 . 1 2 . . 1 . . . . 3 . . . Communications Jammed 6 | . . . . . . . . . 2 . 4 . . . . . . . . Distress Signals 6 | . . . . . . . . . 2 . 4 . . . . . . . . Times Spotted 352 | . 13 . 10 35 15 12 17 77 14 6 64 14 5 . 1 26 1 8 34 Peak Tracking Total 18 | . 4 . 3 10 6 2 6 16 5 5 18 10 4 . 3 14 1 4 16 Tactical Retreats 31 | . . . . 2 3 . 2 8 1 1 8 . . . 1 3 . 1 1 Traps | -11 -10 -10 -10 -8 -8 -8 -6 -6 -5 -5 -5 -5 -5 -5 -4 -4 -4 -4 -4 ------- Run | Yrd Mat Min Sub Mat Sto Rec Fac Ext Fac Was Fac Upp Upp Zhi Pro Fac Upp Upp War Traps Triggered 6 | . . . . . . . . 1 2 . 1 1 . . . 1 . . . Indirectly . | . . . . . . . . . . . . . . . . . . . . Trap Hack Attempts . | . . . . . . . . . . . . . . . . . . . . Triggered . | . . . . . . . . . . . . . . . . . . . . Disarmed . | . . . . . . . . . . . . . . . . . . . . Reprogrammed . | . . . . . . . . . . . . . . . . . . . . Reused . | . . . . . . . . . . . . . . . . . . . . Traps Extracted . | . . . . . . . . . . . . . . . . . . . . Installed . | . . . . . . . . . . . . . . . . . . . . Triggered . | . . . . . . . . . . . . . . . . . . . . Machines | -11 -10 -10 -10 -8 -8 -8 -6 -6 -5 -5 -5 -5 -5 -5 -4 -4 -4 -4 -4 ---------- Run | Yrd Mat Min Sub Mat Sto Rec Fac Ext Fac Was Fac Upp Upp Zhi Pro Fac Upp Upp War Machines Disabled 34 | . 2 . 1 1 . 1 10 10 1 . 2 . . . . 6 . . . Max in Single Turn 8 | . 1 . 1 1 . 1 8 1 1 . 2 . . . . 2 . . . Energy Cycler 2 | . . . . . . . . 2 . . . . . . . . . . . Machines Repaired . | . . . . . . . . . . . . . . . . . . . . Machines Dismantled 4 | . . . . . . . . 4 . . . . . . . . . . . Machines Sabotaged . | . . . . . . . . . . . . . . . . . . . . Overloaded Fab Kills . | . . . . . . . . . . . . . . . . . . . . Hacking | -11 -10 -10 -10 -8 -8 -8 -6 -6 -5 -5 -5 -5 -5 -5 -4 -4 -4 -4 -4 --------- Run | Yrd Mat Min Sub Mat Sto Rec Fac Ext Fac Was Fac Upp Upp Zhi Pro Fac Upp Upp War Machines Accessed 57 | . 5 . 3 3 5 8 3 5 5 . 10 . . 5 . 4 . . 1 Terminals 33 | . 4 . . 3 4 4 2 5 4 . 5 . . . . 2 . . . Fabricators 3 | . . . . . . . . . . . 2 . . . . 1 . . . Repair Stations 4 | . . . . . . . . . 1 . 2 . . . . 1 . . . Recycling Units 3 | . 1 . . . . 2 . . . . . . . . . . . . . Scanalyzers . | . . . . . . . . . . . . . . . . . . . . Garrison Access 3 | . . . . . 1 . 1 . . . 1 . . . . . . . . Total Hacks 131 | . 11 . 4 10 7 28 7 9 10 . 17 . . 18 . 9 . . 1 Successful 83 | . 2 . 4 8 3 23 4 5 3 . 7 . . 18 . 5 . . 1 Failed 48 | . 9 . . 2 4 5 3 4 7 . 10 . . . . 4 . . . Catastrophic 15 | . 3 . . 1 1 . 1 1 2 . 5 . . . . 1 . . . Database Lockouts . | . . . . . . . . . . . . . . . . . . . . Manual 22 | . 1 . . 3 3 5 1 2 2 . 2 . . . . 3 . . . Terminals 74 | . 10 . . 10 5 11 5 9 9 . 10 . . . . 5 . . . Fabricators 4 | . . . . . . . . . . . 2 . . . . 2 . . . Repair Stations 7 | . . . . . . . . . 1 . 4 . . . . 2 . . . Recycling Units 4 | . 1 . . . . 3 . . . . . . . . . . . . . Scanalyzers . | . . . . . . . . . . . . . . . . . . . . Garrison Access 5 | . . . . . 2 . 2 . . . 1 . . . . . . . . Terminal Hacks 69 | . 1 . 4 7 3 20 4 4 2 . 3 . . 18 . 2 . . 1 Record 22 | . . . 1 1 . 14 . . . . . . . 6 . . . . . Part Schematic 4 | . . . . . . . . . . . . . . 4 . . . . . Robot Analysis 4 | . . . . . . . . . . . . . . 4 . . . . . Prototype ID Bank 6 | . 1 . . . . 1 . . . . . . . 4 . . . . . Open Door 7 | . . . 1 . 2 . 1 2 . . . . . . . . . . 1 Branch Access Points 2 | . . . . . . . . . . . 1 . . . . 1 . . . Emergency Access Points 1 | . . . . . . . . . . . 1 . . . . . . . . Terminal Index 2 | . . . . . . 1 . . 1 . . . . . . . . . . Alert Level 4 | . . . . 1 . 1 1 1 . . . . . . . . . . . Unreport Threat 5 | . . . . 1 1 . 2 1 . . . . . . . . . . . Locate Traps 1 | . . . . . . . . . 1 . . . . . . . . . . Recall Reinforcements 1 | . . . . 1 . . . . . . . . . . . . . . . Hauler Manifests 1 | . . . . 1 . . . . . . . . . . . . . . . Zone Layout 5 | . . . . 2 . 1 . . . . 1 . . . . 1 . . . Proto ID Catalog 1 | . . . 1 . . . . . . . . . . . . . . . . Release Object 3 | . . . 1 . . 2 . . . . . . . . . . . . . Fabricator Hacks 1 | . . . . . . . . . . . . . . . . 1 . . . Build 1 | . . . . . . . . . . . . . . . . 1 . . . Repair Station Hacks 6 | . . . . . . . . . . . 4 . . . . 2 . . . Scan Component 3 | . . . . . . . . . . . 2 . . . . 1 . . . Repair 3 | . . . . . . . . . . . 2 . . . . 1 . . . Recycling Unit Hacks . | . . . . . . . . . . . . . . . . . . . . Scanalyzer . | . . . . . . . . . . . . . . . . . . . . Garrison Access Hacks . | . . . . . . . . . . . . . . . . . . . . Unauthorized Hacks 7 | . 1 . . 1 . 3 . 1 1 . . . . . . . . . . Terminals 3 | . . . . 1 . . . 1 1 . . . . . . . . . . Botnet 3 | . . . . 1 . . . 1 1 . . . . . . . . . . Fabricators . | . . . . . . . . . . . . . . . . . . . . Repair Stations . | . . . . . . . . . . . . . . . . . . . . Recycling Units 4 | . 1 . . . . 3 . . . . . . . . . . . . . Mask 1 | . . . . . . 1 . . . . . . . . . . . . . Tunnel 3 | . 1 . . . . 2 . . . . . . . . . . . . . Scanalyzers . | . . . . . . . . . . . . . . . . . . . . Garrison Access . | . . . . . . . . . . . . . . . . . . . . Data Cores Recovered . | . . . . . . . . . . . . . . . . . . . . Used . | . . . . . . . . . . . . . . . . . . . . Hacking Detections 34 | . 3 . . 2 4 2 3 4 4 . 8 . . . . 4 . . . Full Trace Events 1 | . . . . . . . . . 1 . . . . . . . . . . Feedback Events . | . . . . . . . . . . . . . . . . . . . . Feedback Blocked . | . . . . . . . . . . . . . . . . . . . . Robot Schematics Acquired . | . . . . . . . . . . . . . . . . . . . . Robots Built . | . . . . . . . . . . . . . . . . . . . . Authchips . | . . . . . . . . . . . . . . . . . . . . Time . | . . . . . . . . . . . . . . . . . . . . Total Robot Build Rating . | . . . . . . . . . . . . . . . . . . . . Part Schematics Acquired 4 | . . . . . . . . . . . . . . 4 . . . . . Parts Built 2 | . . . . . . . . . . . . . . . . 2 . . . Authchips . | . . . . . . . . . . . . . . . . . . . . Time 42 | . . . . . . . . . . . . . . . . 42 . . . Total Part Build Rating 16 | . . . . . . . . . . . . . . . . 16 . . . Parts Repaired 3 | . . . . . . . . . . . 2 . . . . 1 . . . Time 156 | . . . . . . . . . . . 100 . . . . 56 . . . Parts Recycled . | . . . . . . . . . . . . . . . . . . . . Recycled Matter . | . . . . . . . . . . . . . . . . . . . . Retrieved Matter . | . . . . . . . . . . . . . . . . . . . . Retrieved Components . | . . . . . . . . . . . . . . . . . . . . Parts Scanalyzed . | . . . . . . . . . . . . . . . . . . . . Part Schematics Acquired . | . . . . . . . . . . . . . . . . . . . . Parts Damaged . | . . . . . . . . . . . . . . . . . . . . Bothacking | -11 -10 -10 -10 -8 -8 -8 -6 -6 -5 -5 -5 -5 -5 -5 -4 -4 -4 -4 -4 ------------ Run | Yrd Mat Min Sub Mat Sto Rec Fac Ext Fac Was Fac Upp Upp Zhi Pro Fac Upp Upp War Used RIF Installer . | . . . . . . . . . . . . . . . . . . . . Robots Hacked . | . . . . . . . . . . . . . . . . . . . . Non-combat . | . . . . . . . . . . . . . . . . . . . . Combat . | . . . . . . . . . . . . . . . . . . . . Robot Hacks Applied . | . . . . . . . . . . . . . . . . . . . . Relay Couplers Released . | . . . . . . . . . . . . . . . . . . . . Fabnet Peak Effective % . | . . . . . . . . . . . . . . . . . . . . Robots Rewired 19 | . . . . . . 1 . 13 . . . . . . . . . . 5 Allies Hacked . | . . . . . . . . . . . . . . . . . . . . Hacks Repelled . | . . . . . . . . . . . . . . . . . . . . Allies | -11 -10 -10 -10 -8 -8 -8 -6 -6 -5 -5 -5 -5 -5 -5 -4 -4 -4 -4 -4 -------- Run | Yrd Mat Min Sub Mat Sto Rec Fac Ext Fac Was Fac Upp Upp Zhi Pro Fac Upp Upp War Total Allies 43 | . . 5 . . . 1 . 20 12 . . . . . . . . . 5 Largest Group 12 | . . 4 4 1 . 1 1 12 8 . . . . . . . . . 5 Highest-Rated Group 498 | . . 74 78 15 . 27 27 498 186 . . . . . . . . . 272 Highest-Rated Ally 159 | . . 31 31 15 . 27 27 159 31 . . . . . . . . . 64 Total Orders . | . . . . . . . . . . . . . . . . . . . . Ally Attacks 324 | . . 13 31 4 . . . 225 21 . . . . . . . . . 30 Total Damage 6765 | . . 148 384 35 . . . 4491 397 . . . . . . . . . 1310 Kills 52 | . . 2 6 . . . . 35 3 . . . . . . . . . 6 Allies Corrupted 1 | . . . . . . . . . . . . . . . . . . . 1 Allies Melted . | . . . . . . . . . . . . . . . . . . . . Intel | -11 -10 -10 -10 -8 -8 -8 -6 -6 -5 -5 -5 -5 -5 -5 -4 -4 -4 -4 -4 ------- Run | Yrd Mat Min Sub Mat Sto Rec Fac Ext Fac Was Fac Upp Upp Zhi Pro Fac Upp Upp War Active Infowar (turns) 2339 | . . . . 533 613 18 . . 568 78 376 . . 153 . . . . . Sensors 990 | . . . . 359 613 18 . . . . . . . . . . . . . Seismic 174 | . . . . 174 . . . . . . . . . . . . . . . Jamming 1175 | . . . . . . . . . 568 78 376 . . 153 . . . . . Robot Analysis Total 4 | . . . . . . . . . . . . . . 4 . . . . . Derelict Logs Recovered 2 | . . 1 . . . . . . . . . . . . . . 1 . . Drone Launches . | . . . . . . . . . . . . . . . . . . . . Drone Recoveries . | . . . . . . . . . . . . . . . . . . . . Exploration | -11 -10 -10 -10 -8 -8 -8 -6 -6 -5 -5 -5 -5 -5 -5 -4 -4 -4 -4 -4 ------------- Run | Yrd Mat Min Sub Mat Sto Rec Fac Ext Fac Was Fac Upp Upp Zhi Pro Fac Upp Upp War Turns Passed 16695 | 88 789 765 1152 1085 636 3900 1052 1613 671 78 1284 481 471 457 147 842 111 292 781 Spaces Moved 11780 | 60 429 473 636 711 320 2274 735 834 555 90 1552 557 503 254 235 531 182 292 557 Core 798 | 8 . . . . . . . . . . . . . . . 3 182 292 313 Treads 4396 | 34 429 473 636 . 172 240 . 156 10 . 175 557 503 254 235 310 . . 212 Legs 2265 | . . . . . . 639 512 678 46 . 383 . . . . . . . 7 Wheels 2208 | 18 . . . 711 148 1309 . . . . . . . . . 10 . . 12 Hover 1554 | . . . . . . 86 223 . . 30 994 . . . . 208 . . 13 Flight 559 | . . . . . . . . . 499 60 . . . . . . . . . Fastest Speed 45 | 50 160 160 160 110 95 86 96 81 81 52 45 52 57 57 57 50 50 50 50 Average Speed 100 | 125 160 160 160 115 175 113 112 99 88 71 49 54 57 64 57 105 50 50 114 Slowest Speed 500 | 160 160 160 160 140 240 156 116 158 158 81 61 57 57 162 57 250 50 50 500 Overloaded Moves . | . . . . . . . . . . . . . . . . . . . . Propulsion Burnouts . | . . . . . . . . . . . . . . . . . . . . Robots Hopped . | . . . . . . . . . . . . . . . . . . . . Potential Cave-ins 3 | . . . . . . . . . . 3 . . . . . . . . . Cave-ins Triggered 1 | . . . . . . . 1 . . . . . . . . . . . . Teleports 1 | . . . . . . . . . . . . . . . . . . 1 . Exploration Rate (%) 51 | 4 72 91 31 60 37 97 17 84 18 73 39 67 61 61 42 17 35 40 76 Regions Visited 19 Branch Regions 12 Pre-discovered Areas 6 | . 1 . . . . 2 . . . . . . . 3 . . . . . Known Exits Taken 4 | . . . . 1 1 . . . . . 1 . . . . 1 . . . Unknown Exits Taken 13 | 1 1 1 1 . . 1 1 1 . . . 1 1 1 1 . 1 1 . Scrap Searched 16 | . . 2 5 . . . . . . . . 3 4 . 1 . 1 . . Spaces Dug 41 | . . . . . 1 1 . . 2 5 12 18 . . 2 . . . . Terrain Destroyed 330 | . . . . 13 3 4 72 39 2 5 85 41 18 . 2 46 . . . Melee 13 | . . . . . 1 1 . . 2 5 4 . . . . . . . . Projectile 146 | . . . . 13 2 . 2 2 . . 38 41 18 . 2 28 . . . AOE 170 | . . . . . . 3 69 37 . . 43 . . . . 18 . . . Terrain Rammed . | . . . . . . . . . . . . . . . . . . . . Walls Destroyed . | . . . . . . . . . . . . . . . . . . . . Machines Disabled . | . . . . . . . . . . . . . . . . . . . . Actions | -11 -10 -10 -10 -8 -8 -8 -6 -6 -5 -5 -5 -5 -5 -5 -4 -4 -4 -4 -4 --------- Run | Yrd Mat Min Sub Mat Sto Rec Fac Ext Fac Was Fac Upp Upp Zhi Pro Fac Upp Upp War Total 15740 | 69 476 476 696 848 368 3540 877 1440 720 95 1931 690 668 544 245 747 196 436 678 Wait 2652 | . 11 . 2 13 7 1139 42 302 130 1 194 77 130 257 9 173 5 142 18 Move 11762 | 59 428 472 635 710 319 2273 734 833 555 89 1551 556 502 253 234 530 181 291 557 Hop . | . . . . . . . . . . . . . . . . . . . . Pick Up 160 | 2 5 . 6 23 6 26 19 17 9 . 22 3 10 7 . . 1 . 4 Fast Attach 52 | 6 1 . 3 7 1 1 2 2 . . 8 1 . 8 . 4 . 1 7 Attach 49 | . . . . 14 3 5 3 9 1 . 6 . 2 1 . 1 1 2 1 Detach 36 | . . . 2 2 1 8 3 7 1 . 5 1 1 1 . 1 1 . 2 Swap 36 | 2 3 . 3 5 3 5 4 . 2 . 8 . . . . 1 . . . Drop 151 | . 1 . 5 14 8 28 23 10 10 . 17 8 3 14 . 1 1 . 8 Fire 544 | . 27 2 40 59 18 52 45 66 10 . 112 43 20 . 1 36 6 . 7 Melee 32 | . . . . . 1 1 . . 2 5 8 . . 3 1 . . . 11 Ram 1 | . . . . . 1 . . . . . . . . . . . . . . Kick 6 | . . . . . . . 2 4 . . . . . . . . . . . Crush 5 | . . 2 . 1 . . . 1 . . . 1 . . . . . . . Escape Stasis 2 | . . . . . . . . 2 . . . . . . . . . . . Rewire 218 | . . . . . . 2 . 153 . . . . . . . . . . 63 Trap . | . . . . . . . . . . . . . . . . . . . . Miscellaneous 34 | . . . . . . . . 34 . . . . . . . . . . . Route ------- -11/Scrapyard -10/Materials (discovered 5 exits: [*Mat x3] / [*Min x2]) -10/Mines (discovered 2 exits: [*Mat] / *Sub) -10/Subcaves (discovered 2 exits: *Mat / Rec) -8/Materials (discovered 2 exits: [*Fac] / *Sto) -8/Storage -8/Recycling -6/Factory -6/Extension (discovered 3 exits: *Fac x2 / [*Cet]) -5/Factory -5/Waste -5/Factory (discovered 2 exits: *Upp x2) -5/Upper Caves -5/Upper Caves (discovered 2 exits: *Fac / *Zhi) -5/Zhirov -4/Proximity Caves -4/Factory (discovered 3 exits: *Upp x2 / Arm) -4/Upper Caves -4/Upper Caves -4/Warlord (discovered 1 exit: [*Pro]) History --------- Turn | Location | Event 39 | -11/Scrapyard | Discovered new exit (range 15) 89 | -11/Scrapyard | Entered Materials 123 | -10/Materials | Discovered new exit (range 5) 169 | -10/Materials | Discovered new exit (range 16) 224 | -10/Materials | Discovered new exit (range 10) 314 | -10/Materials | Build established: Mutant 402 | -10/Materials | Discovered new exit (range 16) 470 | -10/Materials | Discovered new exit (range 7) 878 | -10/Materials | Entered Mines 883 | -10/Mines | Assisted by bots powering up and referring to "LRC-V3" 1368 | -10/Mines | Discovered new exit (range 12) 1606 | -10/Mines | Discovered new exit (range 6) 1643 | -10/Mines | Entered Subcaves 1643 | -10/Subcaves | Accompanied by 4 allies 1644 | -10/Subcaves | Approached by a straggling Scientist 1644 | -10/Subcaves | Identified exit to Recycling 1648 | -10/Subcaves | Led the pair of lost Derelicts to an unsafe place 1868 | -10/Subcaves | Disturbed a concealed Subdweller 1995 | -10/Subcaves | Shifting Twisted Machinery released Battle Rifle 2004 | -10/Subcaves | Discovered new exit (range 8) 2005 | -10/Subcaves | Shifting Twisted Machinery released Hvy. Battle Rifle 2120 | -10/Subcaves | A swath of the cavern ceiling suddenly collapsed 2576 | -10/Subcaves | Visited 4L-MR0's lab 2597 | -10/Subcaves | Found Tower Shield 2795 | -10/Subcaves | Entered Materials 2795 | -8/Materials | Accompanied by 1 ally 2795 | -8/Materials | Evolved 4 slots: Propulsion x2, Utility x1, Weapon x1 2800 | -8/Materials | Attached Tower Shield, gained temporary slots: Power, Propulsion x2, Utility x2, Weapon x2 3173 | -8/Materials | Build established: Skirmisher 3219 | -8/Materials | Lost 3 parts (2n1u) 3237 | -8/Materials | Garrison activated, responded to threat 3319 | -8/Materials | Lost 5 parts (3n2w) 3332 | -8/Materials | Destroyed 7 combat bots 3462 | -8/Materials | Discovered new exit (range 15) 3523 | -8/Materials | Build established: Scavenger-Tank 3598 | -8/Materials | Identified exit to Storage 3788 | -8/Materials | Discovered new exit (range 16) 3880 | -8/Materials | Entered Storage 4070 | -8/Storage | Used back door to open Recycling access 4070 | -8/Storage | Discovered exit to Recycling (range 5) 4195 | -8/Storage | Build established: Scavenger-Skirmisher 4514 | -8/Storage | Lost 5 parts (1p3n1w) 4516 | -8/Storage | Entered Recycling 4797 | -8/Recycling | Entered Scraplab 4983 | -8/Recycling | Core integrity fell below 50% 5322 | -8/Recycling | Discovered new exit (range 11) 5340 | -8/Recycling | Build established: Scavenger-Tank 5457 | -8/Recycling | Found Prototype Device 5457 | -8/Recycling | Identified Scrap Engine 5872 | -8/Recycling | Build established: Gunner 6289 | -8/Recycling | Build established: Construct 8416 | -8/Recycling | Entered Factory 8416 | -6/Factory | Accompanied by 1 ally 8416 | -6/Factory | Evolved 4 slots: Propulsion x2, Utility x1, Weapon x1 9141 | -6/Factory | Garrison activated, responded to threat 9228 | -6/Factory | Destroyed 7 combat bots 9231 | -6/Factory | Crushed by falling debris 9398 | -6/Factory | Discovered new exit (range 6) 9452 | -6/Factory | Spotted B-75 Beast 9468 | -6/Factory | Entered Extension 9589 | -6/Extension | Lost 6 parts (1p1n1u3w) 9734 | -6/Extension | Rescued a captive Derelict 9853 | -6/Extension | Rescued A7 9929 | -6/Extension | Rescued a captive Derelict 9971 | -6/Extension | Rescued a captive Derelict 9993 | -6/Extension | Disrupted transfer network 10023 | -6/Extension | Rescued a captive Derelict 10025 | -6/Extension | Rescued a captive Derelict 10026 | -6/Extension | Rescued a captive Derelict 10066 | -6/Extension | Energy Cycler disabled 10067 | -6/Extension | Rescued a captive Derelict 10089 | -6/Extension | Build established: Commander-Construct 10196 | -6/Extension | Disrupted transfer network 10389 | -6/Extension | Spotted B-75 Beast 10412 | -6/Extension | Allies destroyed B-75 Beast 10418 | -6/Extension | Spotted B-75 Beast 10427 | -6/Extension | Allies destroyed B-75 Beast 10429 | -6/Extension | Discovered new exit (range 13) 10459 | -6/Extension | Lost 4 allies 10518 | -6/Extension | First assault squad dispatched 10717 | -6/Extension | Build established: Construct 10874 | -6/Extension | Lost 4 allies 11001 | -6/Extension | Lost 6 allies 11016 | -6/Extension | Core integrity fell below 50% 11063 | -6/Extension | Discovered new exit (range 10) 11065 | -6/Extension | Discovered new exit (range 6) 11081 | -6/Extension | Entered Factory 11081 | -5/Factory | Evolved 2 slots: Power x1, Propulsion x1 11752 | -5/Factory | Manually triggered Chute Trap 11752 | -5/Factory | Sucked down chute 11752 | -5/Factory | Entered Waste 11765 | -5/Waste | Spotted C-40 Crusher 11766 | -5/Waste | Spotted C-40 Crusher 11767 | -5/Waste | EMP discharged 11783 | -5/Waste | Spotted C-40 Crusher 11784 | -5/Waste | Spotted C-40 Crusher 11791 | -5/Waste | Spotted C-40 Crusher 11791 | -5/Waste | Spotted C-40 Crusher 11822 | -5/Waste | Discovered new exit (range 15) 11830 | -5/Waste | Entered Factory 12146 | -5/Factory | System corruption reached 10% 12299 | -5/Factory | Repaired Transmission Jammer 12595 | -5/Factory | Cargo convoy interrupted 12638 | -5/Factory | Lost 6 parts (3p1n1u1w) 13035 | -5/Factory | Repaired Mic. Fission Core 13039 | -5/Factory | Identified exit to Upper Caves 13114 | -5/Factory | Entered Upper Caves 13390 | -5/Upper Caves | Spotted B-75 Beast 13546 | -5/Upper Caves | Core integrity fell below 50% 13576 | -5/Upper Caves | Attracted the attention of an 0b10 outpost 13590 | -5/Upper Caves | Discovered new exit (range 8) 13595 | -5/Upper Caves | Entered another Upper Caves area 13595 | -5/Upper Caves | Discovered new exit (range 13) 14051 | -5/Upper Caves | Discovered new exit (range 16) 14066 | -5/Upper Caves | Entered Zhirov 14066 | -5/Zhirov | Discovered new exit (range 3) 14077 | -5/Zhirov | Met Zhirov 14087 | -5/Zhirov | Learned location of Quarantine (-3) 14087 | -5/Zhirov | Learned location of Testing (-2) 14087 | -5/Zhirov | Learned location of Command (-1) 14096 | -5/Zhirov | Zhirov requested help retrieving the SGEMP Prototype 14106 | -5/Zhirov | Found Alien Artifact 14106 | -5/Zhirov | Identified Integrated Dissipator 14106 | -5/Zhirov | Installed Integrated Dissipator, increased core heat dissipation (+20) 14117 | -5/Zhirov | Found Alien Artifact 14523 | -5/Zhirov | Entered Proximity Caves 14606 | -4/Proximity Caves | Spotted B-86 Titan 14664 | -4/Proximity Caves | Discovered new exit (range 13) 14670 | -4/Proximity Caves | Entered Factory 14670 | -4/Factory | Evolved 2 slots: Utility x2 14758 | -4/Factory | Fabricated Imp. Thunder Leg (x2) 14961 | -4/Factory | Repaired Adv. Cooling System 15022 | -4/Factory | Garrison activated, responded to threat 15237 | -4/Factory | Identified exit to Upper Caves 15237 | -4/Factory | Identified exit to Armory 15437 | -4/Factory | Build established: Mutant 15512 | -4/Factory | Entered Upper Caves 15542 | -4/Upper Caves | Lost 10 parts (1p4n2u3w) 15606 | -4/Upper Caves | Learned 4 Research zone layouts 15617 | -4/Upper Caves | Discovered new exit (range 12) 15623 | -4/Upper Caves | Entered another Upper Caves area 15754 | -4/Upper Caves | Identified Transdimensional Reconstructor 15754 | -4/Upper Caves | Warped through subspace 15755 | -4/Upper Caves | Core integrity fell below 50% 15793 | -4/Upper Caves | Encountered a Warlord checkpoint 15876 | -4/Upper Caves | Discovered new exit (range 8) 15915 | -4/Upper Caves | Entered Warlord 15945 | -4/Warlord | Discovered new exit (range 14) 15971 | -4/Warlord | System corruption cleaned by Quarantine Array 16000 | -4/Warlord | Received a Watcher feed algorithm from an ecstatic Tinkerer 16101 | -4/Warlord | Visited the Vortex Lab 16101 | -4/Warlord | Warlord's base attacked by MAIN.C 16109 | -4/Warlord | Found Prototype Piercing Weapon 16114 | -4/Warlord | Found Prototype Piercing Weapon 16114 | -4/Warlord | Identified Vortex Lance (x2) 16451 | -4/Warlord | Warlord forces counterattacked 16579 | -4/Warlord | P-80 Master assimilated allied Assassin 7a 16615 | -4/Warlord | System corruption reached 10% 16642 | -4/Warlord | Lost 5 allies 16651 | -4/Warlord | Spotted Striker 16660 | -4/Warlord | Spotted Striker 16674 | -4/Warlord | Destroyed Striker 16690 | -4/Warlord | Spotted Executioner 16696 | -4/Warlord | Self-destructed Last Messages --------------- 16692_ G-67 Veteran overheating. 16693_ G-67 Veteran heat short circuits Lgt. Antimatter Reactor. 16693_ I-47 Archangel triggered Fire Trap. 16693_ Burning plasma bursts from the floor. 16693_ BE-IOM(g) destroyed. 16693_ G-67 Veteran overheating. 16694_ G-67 Veteran heat damages core (-19). 16694_ Quantum-Antimatter Reactor destroyed. 16694_ Scrap Engine damaged due to network destabilization (-7). 16694_ G-67 Veteran overheating. 16695_ G-67 Veteran heat damages core (-17). 16695_ JW-A82(M) destroyed. 16695_ Executioner overheating. 16695_ G-67 Veteran overheating. 16696_ I-47 Archangel heat damages Energy Well, Com. Wheel, Antimatter Reactor, Com. Wheel. 16696_ G-67 Veteran heat damages Flexi-carbon Leg, Adv. Heat Sink, Broken Lgt. Antimatter Reactor, Adv. Heat Sink. 16696_ Executioner heat damages core (-20). 16696_ Executioner overheating. Map ----- +----------------------------------------------------+ | ?????# #?????????# | | ?????# #?????????#++#######################+## | | ????? ?????????# ############?######## # | | ????? ?????????# """""""#?# ## | | ????? #????????# """"#?# % ## | | ????# #????????#" * """"#?# * ## | | ????## ##????????#"" """ #?# ## | | ?????# ?????????#"" #?######"###### | | ?????# #?????????#"" " #?###??#####??# | | ?????# #?????????#"" """#?# ? #??# | | ????## ##????????#"" X""""#?# """ #??# | | ????# #????????#""""""" """#?# """ #??# | | ????# #????????#"""""""""""""#?# """ #??# | | ????# ?????????#############???# """ #??# | | ????# ?????????????????????????# """ #??# % | | ?????# ##########???###########??# ####! | | ?????# # #???# #??# # %= | | ?????# + #???# #??# # [ = | | ###??# # #???# #?###"!=!""## % % | | # #### # ##### #?# ]=% / | | # # + ### *%[!% % | | # # # ##"%! %!=%! %= | | ######### # + #?#= [[!/=! % *% % | | ????????# # # #?#%|!%" # % ! | | ????????# # ###;#;#;#####! !""" # !% | | ????????######/### @=%%==!%=!/% "" # *= | | ?????????????# #?# [gbi!gi!%% " """" | | ?????????????# #?# == % %g%!g =^ " | | ????????##???# #?# [%! % % E/ %[ | | ????????# ## ### ]= % g ^ ![ ![** | | ????????# =% !%! ^ !%!!%=% | | ????????# *%K = ######## * ="""" | | ????????# ! #??????# " # | | ????????##### # #+###+###??????### ###### | | ????????????# ### ??????????????# ##+#????# | | ???????????# ?# ??????????????# *#???????# | | ?????????? ?# ??????????????#=%#???????? ## | | ???????? ?# ??????????????# #??????????? | | ??????? ## ?????????????# #??????????? | | ??????###### ## ?????????????# #??????????? | | ???????????## ##? ?????????????# #??????????? | | ????????????# #?? ?????????????+ ???????????? | | ????????????# ??? ????????????# ???????????? | | ????????????# ??? ????????????? ????????????? | | ????????????# ??? ??????????????????????????? | | ????????????##+#??? ??????????????????????????? | | ??????????????????? ???????????????????????????? | | ?????????????????????????????????????????????????? | | ?????????????????????????????????????????????????? | | ?????????????????????????????????????????????????? | +----------------------------------------------------+ Best States ------------- Heat Dissipation 113 Coolant Potential 100 Energy Generation 31 Energy Capacity 861 Matter Stores 300 Matter Capacity 300 Sight Range 16 Robot Scan Range 15 Terrain Scan Density 210 Jamming Range 14 Armor Coverage 2000 Evasion (%) 64 Recoil Reduction 6 Offensive Hacking 14 Defensive Hacking 10 Item Schematics ----------------- Assault Drone Bay | -5/Zhirov | Free Exp. Heat Sink | -5/Zhirov | Free Exp. Optical Array | -5/Zhirov | Free Imp. Arc Thrower | -5/Zhirov | Free Robot Schematics ------------------ None Fabricated ------------ Imp. Thunder Leg | x2 | -4/Factory | Preloaded Repaired ---------- Transmission Jammer | 35% | -5/Factory Mic. Fission Core | 48% | -5/Factory Adv. Cooling System | 25% | -4/Factory Alien Tech Used ----------------- Integrated Dissipator Transdimensional Reconstructor Achievements -------------- None Challenges ------------ None Game ------ Seed BottomlessOmegaBrace Manual? 0 Play Time 02:43:21 Cumulative 87.7 hours Start 2025.06.21 @ 15:46:28 End 2025.06.21 @ 19:04:59 Sessions 3 Manual Loads 0 Difficulty Rogue Special Mode None Game No. 57 Rogue 57 Adventurer 0 Explorer 0 Win Type - Total 8 Types 2/1/2/1/1/0/0/0/0/1 Lore% 57 Gallery% 56 Achievement% 59 Wizard Run 0 Options --------- Layout 0 ASCII 0 Keyboard 1 Movement Vi Keybinds 0 Fullscreen 2 Font 18/SmallcapsGlow Map View 76x50 Zoom Use 0% Tactical HUD 1 Map Filters NONE Filters NONE Steam 1 RUN: 83036725-e91c-4728-b53c-79729f7c7e83